 Dungeon Crawl Stone Soup version 0.28-a0-1404-g4df0f3684d (webtiles) character file.

Game seed: 9085804578560940808

77 vivovinco the Grave Robber (level 4, 0/24 HPs)
             Began as a Vampire Necromancer on Jan 5, 2022.
             Slain by an adder (3 damage)
             ... on level 2 of the Dungeon.
             The game lasted 00:08:27 (1336 turns).

vivovinco the Grave Robber (Vampire Necromancer)    Turns: 1336, Time: 00:08:28

Health: 0/24       AC:  2    Str:  4 (7)  XL:     4   Next: 14%
Magic:  1/7        EV: 12    Int: 17 (19) God:
Gold:   46         SH:  0    Dex: 13 (14) Spells: 4/8 levels left

rFire   + . .      SeeInvis +   b - +1 dagger
rCold   + . .      Faith    .   (no shield)
rNeg    + + +      Spirit   .   a - +0 robe
rPois   ∞          Reflect  .   (no helmet)
rElec   .          Harm     .   (no cloak)
rCorr   .          Rampage  .   (no gloves)
Will    .....                   (no boots)
Stlth   ++++......              (no amulet)
HPRegen 0.00/turn               f - ring of fire
MPRegen 0.10/turn               (no ring)

@: bloodless, inhibited regen
A: bloodless, fangs 3, see invisible, vampiric 2
a: Bat Form, Revivify


You were on level 2 of the Dungeon.
You visited 1 branch of the dungeon, and saw 3 of its levels.

You collected 82 gold pieces.
You spent 36 gold pieces at shops.

Inventory:

Hand Weapons
 b - a +1 dagger (weapon)
Missiles
 d - 66 stones
Armour
 a - a +0 robe (worn)
Jewellery
 f - a ring of fire (left hand)
Scrolls
 c - 2 scrolls of identify
Potions
 e - a potion of attraction
 h - a potion of curing


   Skills:
 + Level 0.4 Fighting
 + Level 0.5 Short Blades
 + Level 2.4 Dodging
 + Level 3.8 Stealth
 + Level 2.5 Spellcasting
 + Level 5.3 Necromancy


You had 4 spell levels left.
You knew the following spells:

 Your Spells              Type           Power      Damage    Failure   Level
a - Pain                  Necr           80%        1d8       1%          1
b - Vampiric Draining     Necr           20%        2d7       6%          3

Your spell library contained the following spells:

 Spells                   Type           Power      Damage    Failure   Level
 Animate Skeleton         Necr           40%        N/A       1%          1
 Animate Dead             Necr           10%        N/A       21%         4
 Agony                    Necr           20%        N/A       50%         5


Dungeon Overview and Level Annotations

Branches:
Dungeon (3/15)

Altars:

Shops:
D:1 ![((


Innate Abilities, Weirdness & Mutations

You do not regenerate when monsters are visible.
You are frail without blood (-20% HP).
You can heal yourself when you bite living creatures.
You are immune to poison.
You have razor-sharp teeth.
You have supernaturally acute eyesight. (SInv)
You are afflicted with vampirism and can become a bat while bloodless.


Message History

The adder is severely wounded.
The adder barely misses you. The adder bites you.
You miss the adder.
The adder is severely wounded.
The adder bites you. The adder barely misses you. The adder closely misses you.
The adder bites you but does no damage.
You miss the adder. Your bite misses the adder.
The adder is severely wounded.
The adder misses you. The adder bites you.
Casting: Vampiric Draining (quite dangerous; 5% risk of failure)
Confirm with . or Enter, or press ? or * to list all spells.
The spell is quite dangerous to miscast (5% risk of failure)!
Continue anyway?
Aiming: Vampiric Draining (quite dangerous; 5% risk of failure)
Press: ? - help, Shift-Dir - straight line, f/p - adder
Aim: an adder (severely wounded)
You draw life force from the adder!
You kill the adder!
You feel life coursing into your body. The adder barely misses you.
You hit the adder.
The adder is lightly wounded.
The giant cockroach bites you. The adder bites you.
The giant cockroach barely misses you.
You closely miss the adder. Your bite misses the adder.
The adder is lightly wounded.
The adder bites you.
* * * LOW HITPOINT WARNING * * *
The adder bites you.
* * * LOW HITPOINT WARNING * * *
The giant cockroach bites you but does no damage.
Okay, then.
It was a potion of degeneration.
There was something very wrong with that liquid.
You feel weakened.
You feel dopey.
You feel clumsy. The adder bites you.
* * * LOW HITPOINT WARNING * * *
The giant cockroach barely misses you.
You closely miss the adder. Your bite misses the adder.
The adder is lightly wounded.
The adder bites you.
You die...

..................#÷....######
................#.....#.#
.#..>..............#.##.#
.##.....#.........##.##.#
.####...........#....##.# .#
##......##....#####.# .#
#...[.###.#........ .#
#.....###.#S##.####
..........B@##.# ##.###...###
.. ..........# #. .
..........# #.#####...
..........# #.......#
..........# #<.....#
......B...# ##.....#
..........# ....## ..........#
....#


You could see an adder and a giant cockroach.

Vanquished Creatures
  3 adders
  A worm (D:2)
  A dart slug (D:1)
  A ball python (D:1)
  3 bats
  4 endoplasms
  4 giant cockroaches
  4 goblins (D:1)
  6 hobgoblins
  A quokka (D:1)
  2 frilled lizards (D:1)
  4 kobolds (D:1)
  9 rats
43 creatures vanquished.

Notes
Turn   | Place    | Note
-------+----------+-------------------------------------------
     0 | D:1      | vivovinco the Vampire Necromancer began the quest for the
                  | Orb.
     0 | D:1      | Reached XP level 1. HP: 13/13 MP: 3/3
   190 | D:1      | Reached XP level 2. HP: 12/19 MP: 3/5
   337 | D:1      | Reached skill level 5 in Necromancy
   420 | D:1      | Found Uvunoext's Antique Armour Shop.
   511 | D:1      | Found Ireil Sudud's Antique Weapon Shop.
   538 | D:1      | Found Detsynod's Antique Weapon Emporium.
   670 | D:1      | Gained mutation: You are afflicted with vampirism and can
                  | become a bat while bloodless. [Vampire growth]
   670 | D:1      | Reached XP level 3. HP: 23/24 MP: 4/6
   674 | D:1      | Learned a level 3 spell: Vampiric Draining
   845 | D:1      | Found Wooceithaa's Distillery.
   848 | D:1      | Bought a potion of curing for 36 gold pieces
  1320 | D:2      | Reached XP level 4. HP: 24/24 MP: 7/7
  1336 | D:2      | Slain by an adder

Illustrated notes

Levels and vault maps discovered:
D:1:      tarquinn_simple_flora_water_c, layout_basic, serial_shops,
          nicolae_shop_behind_doors, nicolae_shop_advertising_works
          [nicolae_subvault_shop_adworks], nicolae_shop_hallway_stairs,
          nicolae_shop_waterfront, nrook_mini_backslash, st_stairs_3
D:2:      layout_rooms
D:3:      layout_rooms, nrook_uturn

Skill      XL: |  1  2 |
---------------+-------+-----
Necromancy     | 5 |  5.3
Fighting       | |  0.4
Short Blades   | |  0.5
Dodging        | |  2.4
Stealth        | |  3.8
Spellcasting   | |  2.5

Action                   |  1- 3 |  4- 6 || total
-------------------------+-------+-------++-------
Melee: Dagger            |   101 |     8 ||   109
       Bite              |     9 |       ||     9
 Cast: Pain              |    39 |     1 ||    40
       Vampiric Draining |     1 |     2 ||     3
 Abil: Exsanguinate      |     1 |       ||     1
  Use: Scroll            |     4 |       ||     4
       Potion            |       |     1 ||     1
 Stab: Sleeping          |     6 |       ||     6
Armor: Robe              |    17 |     3 ||    20
Dodge: Dodged            |    66 |    12 ||    78

Table legend: (Time is in decaauts)
 A = Elapsed time spent in this place.
 B = Non-inter-level travel time spent in this place.
 C = Inter-level travel time spent in this place.
 D = Time resting spent in this place.
 E = Time spent auto-exploring this place.
 F = Levels seen in this place.
 G = Mean time per level.
                   A        B        C        D        E       F      G
               +--------+--------+--------+--------+--------+-----+--------+
         Total |   1339 |   1297 |     42 |      0 |    808 |   3 |  446.3 |
       Dungeon |   1339 |   1297 |     42 |      0 |    808 |   3 |  446.3 |
               +--------+--------+--------+--------+--------+-----+--------+

Top non-repeatable levels by time:
     D:1: 875 daAuts
     D:2: 455 daAuts
     D:3: 8 daAuts
